 Dungeon Crawl Stone Soup version 0.20.0-10-g0535bb4 (webtiles) character file.

203 McKennaii the Skirmisher (level 5, 0/41 HPs)
             Began as a Demonspawn Fighter on June 5, 2017.
             Slain by a jackal (1 damage)
             ... on level 3 of the Dungeon.
             The game lasted 00:03:15 (2446 turns).

McKennaii the Skirmisher (Demonspawn Fighter)       Turns: 2446, Time: 00:03:15

Health: 0/41       AC: 11    Str: 16    XL:     5   Next: 51%
Magic:  0/5        EV:  5    Int:  9    God:
Gold:   124        SH:  9    Dex: 14    Spells: 4/4 levels left

rFire    . . .     SeeInvis .   a - +0 long sword
rCold    . . .     Gourm    .   c - +0 shield
rNeg     . . .     Faith    .   t - +0 chain mail
rPois    .         Spirit   +   (no helmet)
rElec    .         Reflect  .   (no cloak)
rCorr    .         Harm     .   (no gloves)
MR       +....                  (no boots)
Stlth    ..........             (no amulet)
Regen    0.2/turn               o - ring of protection from magic
MPRegen  0.2/turn               (no ring)

@: no status effects
A: claws 1, slimy green scales 1, magic shield, magic regeneration
a: no special abilities


You were on level 3 of the Dungeon.
You were hungry.

You visited 1 branch of the dungeon, and saw 3 of its levels.

You collected 124 gold pieces.

Inventory:

Hand Weapons
 a - a +0 long sword (weapon)
Armour
 c - a +0 shield (worn)
 t - a +0 chain mail (worn)
Jewellery
 l - an uncursed ring of ice
 o - a ring of protection from magic (left claw)
Wands
 s - a wand of disintegration (10/24)
Scrolls
 e - 2 scrolls of fear {unknown}
 i - a scroll of enchant armour {unknown}
 j - a scroll of enchant weapon {unknown}
 k - 2 scrolls of remove curse {unknown}
 p - a scroll of blinking {unknown}
 r - a scroll of teleportation {unknown}
Potions
 d - a potion of might
 g - 3 potions of heal wounds {unknown}
 h - a potion of curing {unknown}
 n - 2 potions of invisibility {unknown}
 u - a potion of cancellation {unknown}
Comestibles
 f - 3 bread rations
 m - a meat ration
 q - a royal jelly


   Skills:
 + Level 3.6 Fighting
 + Level 3.5 Long Blades
 + Level 3.4 Armour
 + Level 1.1 Dodging
 + Level 0.2 Stealth
 + Level 3.3 Shields


You had 4 spell levels left.
You didn't know any spells.

Dungeon Overview and Level Annotations

Branches:
Dungeon (3/15)

Altars:


Innate Abilities, Weirdness & Mutations

You have sharp fingernails.
You are partially covered in slimy green scales. (AC +2)
When hurt, damage is shared between your health and your magic reserves.
You regenerate magic rapidly.


Message History

The orc priest hits you but does no damage.
The jackal bites you but does no damage.
You hit the orc priest.
The orc priest is moderately wounded.
You block the jackal's attack. The orc priest hits you with a flail.
* * * LOW HITPOINT WARNING * * *
Unknown command.
You slash the orc priest!
The orc priest is severely wounded.
The jackal bites you.
* * * LOW HITPOINT WARNING * * *
The orc priest hits you with a flail.
* * * LOW HITPOINT WARNING * * *
The jackal bites you but does no damage.
You hit the orc priest but do no damage.
The orc priest is severely wounded.
The jackal bites you but does no damage.
The orc priest begins to cast a cantrip, but forgets the words!
The jackal bites you.
You die...

######## ### #.ooh@.#
#.. #.####o# #)# .#
#.# .# #.# .#
##o####.######<#####.#
#(...o...o.........#.#
#..##)#...####.###.#.#
#..##.#...# #.# #.#.#
######..##......#
#.###.#.#
#............. ##
#.......#


You could see an orc priest, an orc wizard, an orc and a jackal.

Vanquished Creatures
  An orc priest (D:3)
  Jessica (D:2)
  Ijyb (D:3)
  3 adders
  2 gnolls
  An ooze (D:2)
  2 worms
  4 dart slugs
  2 leopard geckos
  2 orcs (D:3)
  3 bats
  3 giant cockroaches
  7 goblins
  8 hobgoblins
  6 jackals
  A quokka (D:2)
  A ball python (D:1)
  A frilled lizard (D:1)
  2 kobolds
  5 rats
56 creatures vanquished.

Notes
Turn   | Place    | Note
-------+----------+-------------------------------------------
     0 | D:1      | McKennaii the Demonspawn Fighter began the quest for the Orb.
     0 | D:1      | Reached XP level 1. HP: 18/18 MP: 1/1
    83 | D:1      | Gained mutation: When hurt, damage is shared between your health and your magic reserves. [demonic ancestry]
    83 | D:1      | Reached XP level 2. HP: 12/24 MP: 2/2
   844 | D:2      | Gained mutation: You have sharp fingernails. [demonic ancestry]
   844 | D:2      | Reached XP level 3. HP: 26/29 MP: 3/3
   889 | D:2      | Noticed Jessica
   894 | D:2      | Killed Jessica
   969 | D:2      | Gained mutation: You regenerate magic rapidly. [demonic ancestry]
   969 | D:2      | Reached XP level 4. HP: 24/35 MP: 2/4
  2069 | D:3      | Noticed Ijyb
  2094 | D:3      | Killed Ijyb
  2094 | D:3      | Reached skill level 1 in Dodging
  2094 | D:3      | Gained mutation: You are partially covered in slimy green scales. (AC +2) [demonic ancestry]
  2094 | D:3      | Reached XP level 5. HP: 21/41 MP: 5/5
  2445 | D:3      | HP: 1/41 [orc priest/flail (4)]
  2446 | D:3      | Slain by a jackal

Skill      XL: |  1  2  3  4 |
---------------+-------------+-----
Long Blades    | 2 3 |  3.5
Armour         | 3 |  3.4
Shields        | 3 |  3.3
Dodging        | 1 |  1.1
Fighting       | |  3.6
Stealth        | |  0.2

Action                   |  1- 3 |  4- 6 || total
-------------------------+-------+-------++-------
Melee: Long sword        |   123 |   136 ||   259
  Eat: Chunk             |       |     5 ||     5
Armor: Scale mail        |    59 |    52 ||   111
       Chain mail        |       |    38 ||    38
Dodge: Dodged            |    22 |    31 ||    53
Block: Shield            |    52 |    84 ||   136
       Rpst.: Long sword |     5 |    12 ||    17
